AoeStats
← Arribia2

Oasis

507200620Analyzed
4v4 RM · 15d ago on Sep 17, 2026· 51m 30s· 8 players
Game mode
Random Map
Map size
Large (8 player)
Population
200
Speed
Normal
Resources
Standard
Victory
Conquest
Starting age
Dark Age
Ending age
Imperial Age
RankedLock teamsTeams togetherTeam positionsShared explorationLock speedFull tech treeHidden civsTurbo modeCheats
Victory
Defeat
🇨🇳 Jurchens · China
1351
+16
🇨🇳 Mongols · China
1338
+16
🇹🇼 Maya · Taiwan
1310
+17
🇨🇳 Ethiopians · China
1289
+18
🇺🇸 Tatars · United States
1403
-19
🇨🇳 Mongols · China
1369
-18
🇦🇷 Persians · Argentina
1312
-16
🇨🇴 Dravidians · Colombia
1282
-14
wuyu
11:20 Feudal Age
15:42 Castle Age
13:46 Double-Bit Axe
15:08 Horse Collar
27:52 Gold Mining
28:37 Husbandry
30:36 Wheelbarrow
31:18 Padded Archer Armor
33:02 Fletching
33:31 Bloodlines
38:03 Imperial Age
36:13 Bow Saw
37:05 Bodkin Arrow
37:26 Leather Archer Armor
38:25 Hand Cart
38:34 Hand Cart
38:28 Nomads
39:08 Conscription
39:22 Bracer
39:27 Onager
40:03 Town Watch
41:03 Gold Shaft Mining
41:01 Drill
43:32 Chemistry
42:53 Ballistics
43:15 Elite Mangudai
44:08 Masonry
45:27 Siege Onager
45:28 Capped Ram
51:00 Siege Ram
Advanced Micro Devices
0:29 Loom
10:00 Feudal Age
10:52 Double-Bit Axe
20:41 Castle Age
19:15 Gold Mining
21:32 Wheelbarrow
20:52 Fletching
20:45 Crossbowman
23:22 Bodkin Arrow
24:59 Horse Collar
31:32 Bow Saw
33:27 Ballistics
36:59 Hand Cart
41:19 Imperial Age
40:11 Thumb Ring
40:29 Stone Mining
40:41 Heavy Plow
42:09 Bracer
42:10 Padded Archer Armor
43:15 Chemistry
42:25 Arbalester
43:24 Pikeman
44:04 Squires
44:06 Scale Mail Armor
44:23 Leather Archer Armor
44:35 Forging
47:13 Conscription
47:31 Chain Mail Armor
47:51 Iron Casting
49:07 Hoardings
49:21 Fortified Wall
49:06 Halberdier
50:18 Plate Mail Armor
50:49 Blast Furnace
50:19 Ring Archer Armor
50:02 Masonry
49:37 Treadmill Crane
50:57 Capped Ram
JieX
2:17 Loom
11:42 Feudal Age
15:31 Castle Age
15:28 Double-Bit Axe
pxh42
6:21 Loom
9:25 Feudal Age
10:03 Double-Bit Axe
10:47 Horse Collar
17:09 Wheelbarrow
20:34 Castle Age
19:29 Forging
20:50 Light Cavalry
21:42 Bow Saw
22:10 Heavy Plow
27:43 Hand Cart
27:13 Town Watch
27:23 Gold Mining
29:14 Gold Shaft Mining
30:19 Stone Mining
33:53 Imperial Age
31:07 Treadmill Crane
32:02 Scale Barding Armor
31:59 Husbandry
32:10 Bloodlines
32:55 Iron Casting
33:36 Chain Barding Armor
32:47 Light Cavalry
35:35 Blast Furnace
34:02 Elite Steppe Lancer
36:09 Plate Barding Armor
36:59 Chemistry
36:33 Fletching
37:57 Two-Man Saw
39:01 Ballistics
38:33 Guard Tower
38:28 Arrowslits
38:46 Fortified Bastions
39:08 Conscription
40:50 Keep
40:26 Masonry
40:53 Bodkin Arrow
42:22 Stone Shaft Mining
43:19 Bracer
44:28 Fervor
44:13 Herbal Medicine
44:39 Sanctity
45:38 Light Cavalry
47:05 Siege Engineers
47:31 Architecture
46:58 Murder Holes
47:13 Fortified Wall
47:30 Padded Archer Armor
47:50 Town Patrol
50:56 Sappers
52:02 Hoardings
50:48 Elite Iron Pagoda
51:50 Leather Archer Armor
jichuo
8:39 Feudal Age
7:09 Loom
19:57 Castle Age
18:51 Double-Bit Axe
22:04 Bow Saw
26:20 Forging
27:28 Wheelbarrow
33:50 Hand Cart
50:19 Imperial Age
50:27 Imperial Age
51:29 Bloodlines
Arribia2
6:47 Loom
9:38 Feudal Age
10:45 Double-Bit Axe
15:15 Fletching
22:10 Castle Age
24:45 Wheelbarrow
26:06 Bow Saw
25:47 Gold Mining
28:33 Town Watch
31:30 Imperial Age
31:15 Scale Barding Armor
31:20 Forging
33:56 Elite Steppe Lancer
35:36 Bloodlines
35:26 Husbandry
37:09 Iron Casting
36:54 Chain Barding Armor
36:56 Hand Cart
38:08 Silk Armor
40:04 Blast Furnace
41:05 Plate Barding Armor
40:52 Light Cavalry
44:01 Hussar
46:28 Treadmill Crane
46:54 Siege Engineers
47:10 Ballistics
47:50 Chemistry
47:19 Conscription
47:06 Heavy Scorpion
Caballero Cruzado
8:29 Loom
10:28 Feudal Age
11:14 Double-Bit Axe
11:33 Horse Collar
18:32 Forging
18:27 Scale Barding Armor
22:08 Castle Age
21:45 Wheelbarrow
20:56 Town Watch
21:37 Gold Mining
23:17 Fletching
23:27 Padded Archer Armor
23:32 Husbandry
24:20 Hand Cart
24:48 Bow Saw
27:56 Heavy Plow
31:19 Ballistics
32:36 Thumb Ring
33:08 Bodkin Arrow
35:26 Leather Archer Armor
40:41 Imperial Age
40:10 Iron Casting
39:55 Chain Barding Armor
41:58 Elite Elephant Archer
43:08 Bracer
43:38 Ring Archer Armor
42:35 Light Cavalry
43:53 Chain Barding Armor
44:33 Blast Furnace
45:36 Ring Archer Armor
44:58 Crossbowman
46:29 Conscription
47:27 Chemistry
47:08 Arbalester
JereScariot
6:51 Loom
9:23 Feudal Age
15:20 Wheelbarrow
20:29 Castle Age
22:14 Horse Collar
22:25 Double-Bit Axe
23:29 Husbandry
24:39 Scale Barding Armor
24:49 Forging
28:08 Hand Cart
28:06 Bow Saw
27:57 Heavy Plow
30:05 Bloodlines
30:20 Man-at-Arms
38:09 Gold Mining
39:14 Iron Casting
38:59 Chain Barding Armor
39:12 Chain Barding Armor
39:33 Gold Shaft Mining
42:53 Pikeman
Connection lost

Rejoining the realm…

Still unreachable

The connection could not be restored.

Session expired

The server has moved on; the page needs a fresh start.